| Goals | Penalties |
1. Senateurs , Tanner Pearson 4 (Casey Cizikas 7, Eric Robinson 7) at 8:23
2. Senateurs , Brad Marchand 12 (Steven Stamkos 20) at 9:37
3. Senateurs , Brad Marchand 13 (Steven Stamkos 21, Nick Paul 10) at 13:04
4. Nordiques , Tyson Foerster 5 (Sebastian Aho 15, Lucas Raymond 13) at 15:49
|
Brendan Gallagher (OTT) for Hooking (Minor) at 10:00
|
No Goal
|
Cole Smith (QUE) for Boarding (Minor) at 11:20
|
5. Senateurs , Brad Marchand 14 (Steven Stamkos 22) at 0:40
|
Marco Rossi (QUE) for Holding (Minor) at 11:52
|
|
Ilya Sorokin (OTT), 36 saves from 37 shots - (0,973), W, 10-4-0, 60:00 minutes
Semyon Varlamov (QUE), 41 saves from 45 shots - (0,911), L, 4-9-1, 60:00 minutes
|
|
1 - Brad Marchand (OTT)
2 - Ilya Sorokin (OTT)
3 - Steven Stamkos (OTT)
|
Referees : Peter MacDougall and Brett Roeland
Linesman : Tony Sericolo and Jake Davis
|
|
Brad Marchand has scored a Hat Trick!
|
|
Level 1 -- Attendance: 5585 (93,08%) -- Ticket Income $446,800
Level 2 -- Attendance: 4458 (89,16%) -- Ticket Income $222,900
Level 3 -- Attendance: 1954 (97,70%) -- Ticket Income $48,850
Level 4 -- Attendance: 4000 (100,00%) -- Ticket Income $40,000
Luxury Box -- Attendance: 1000 (100,00%) -- Ticket Income $160,000
Game was played at the Colisee.
Total Attendance: 16997 (94,43%)
Total Ticket Income: $918,550
Other Income: $450,090
Total Income: $1,368,640
|
Senateurs
| 5 vs 5 Forward |
|---|
| Line # | Left Wing | Center | Right Wing | PHY | DF | OF | Wanted % | Time % | Time Play |
| 1 | Brad Marchand | Nick Paul | Steven Stamkos | 1 | 2 | 2 | 32 | 31% | 16:59
|
| 2 | Jared McCann | Brock Nelson | Brendan Gallagher | 1 | 2 | 2 | 28 | 27% | 14:43
|
| 3 | Ryan Hartman | Colton Sissons | Alexander Kerfoot | 1 | 2 | 2 | 22 | 23% | 12:23
|
| 4 | Tanner Pearson | Casey Cizikas | Eric Robinson | 1 | 2 | 2 | 18 | 18% | 9:58
|
| 5 vs 5 Defense |
|---|
| Line # | Defense | Defense | | PHY | DF | OF | Wanted % | Time % | Time Play |
| 1 | Ian Cole | Dougie Hamilton | | 1 | 2 | 2 | 37 | 38% | 20:47
|
| 2 | Mikey Anderson | Jeff Petry | | 1 | 2 | 2 | 34 | 33% | 17:56
|
| 3 | Ryan Lindgren | Artem Zub | | 1 | 2 | 2 | 29 | 28% | 15:20
|
| 4 | Ian Cole | Dougie Hamilton | | 1 | 2 | 2 | 0 | 0% | 0:00
|
| Power Play Forward |
|---|
| Line # | Left Wing | Center | Right Wing | PHY | DF | OF | Wanted % | Time % | Time Play |
| 1 | Brad Marchand | Steven Stamkos | Jared McCann | 1 | 2 | 2 | 60 | 48% | 1:54
|
| 2 | Brock Nelson | Nick Paul | Brendan Gallagher | 1 | 2 | 2 | 40 | 52% | 2:04
|
| Power Play Defense |
|---|
| Line # | Defense | Defense | | PHY | DF | OF | Wanted % | Time % | Time Play |
| 1 | Dougie Hamilton | Jeff Petry | | 1 | 2 | 2 | 60 | 55% | 2:11
|
| 2 | Ryan Lindgren | Artem Zub | | 1 | 2 | 2 | 40 | 45% | 1:47
|
| Penalty Kill 4 Players Forward |
|---|
| Line # | Center | Wing | PHY | DF | OF | Wanted % | Time % | Time Play |
| 1 | Colton Sissons | Alexander Kerfoot | 1 | 2 | 2 | 60 | 78% | 1:33
|
| 2 | Casey Cizikas | Jared McCann | 1 | 2 | 2 | 40 | 22% | 0:26
|
| Penalty Kill 4 Players Defense |
|---|
| Line # | Defense | Defense | PHY | DF | OF | Wanted % | Time % | Time Play |
| 1 | Ian Cole | Mikey Anderson | 1 | 2 | 2 | 60 | 45% | 0:54
|
| 2 | Ryan Lindgren | Artem Zub | 1 | 2 | 2 | 40 | 55% | 1:05
|
| Penalty Kill 3 Players |
|---|
| Line # | Wing | PHY | DF | OF | Wanted % | Time % | Time Play | Defense | Defense | PHY | DF | OF | Wanted % | Time % | Time Play |
| 1 | Colton Sissons | 1 | 2 | 2 | 60 | 0% | 0:00
| Ian Cole | Mikey Anderson | 1 | 2 | 2 | 60 | 0% | 0:00
|
| 2 | Alexander Kerfoot | 1 | 2 | 2 | 40 | 0% | 0:00
| Ryan Lindgren | Artem Zub | 1 | 2 | 2 | 40 | 0% | 0:00
|
| 4 vs 4 Forward |
|---|
| Line # | Center | Wing | PHY | DF | OF | Wanted % | Time % | Time Play |
| 1 | Steven Stamkos | Brad Marchand | 1 | 2 | 2 | 60 | 0% | 0:00
|
| 2 | Brock Nelson | Alexander Kerfoot | 1 | 2 | 2 | 40 | 0% | 0:00
|
| 4 vs 4 Defense |
|---|
| Line # | Defense | | PHY | DF | OF | Wanted % | Time % | Time Play |
| 1 | Ian Cole | Dougie Hamilton | 1 | 2 | 2 | 60 | 0% | 0:00
|
| 2 | Mikey Anderson | Ryan Lindgren | 1 | 2 | 2 | 40 | 0% | 0:00
|
| Last Minutes Offensive |
|---|
| Left Wing | Center | Right Wing | Defense | Defense |
| Brock Nelson | Steven Stamkos | Brad Marchand | Dougie Hamilton | Jeff Petry |
| Last Minutes Defensive |
|---|
| Left Wing | Center | Right Wing | Defense | Defense |
| Alexander Kerfoot | Colton Sissons | Jared McCann | Ian Cole | Mikey Anderson |
| Time |
|---|
| Total Forward | Total Defense | Last Minutes Offensive | Last Minutes Defensive |
| 60:00 |
60:00 |
0:00 | 0:00 |
| Extra Forwards |
|---|
| Normal | PowerPlay | Penalty Kill |
|
Alexander Kerfoot, Nick Paul, Colton Sissons | Alexander Kerfoot, Nick Paul | Alexander Kerfoot |
| Extra Defensemen |
|---|
| Normal | PowerPlay | Penalty Kill |
|
Ryan Lindgren, Jeff Petry, Artem Zub | Ryan Lindgren, Ryan Lindgren | Jeff Petry |
| Penalty Shots |
|---|
|
Steven Stamkos, Brad Marchand, Brock Nelson, Jared McCann, Alexander Kerfoot |
| Goalie |
|---|
| Ilya Sorokin, Jonas Johansson |
| Custom OT Lines Forwards |
|---|
|
Steven Stamkos, Brad Marchand, Brock Nelson, Jared McCann, Alexander Kerfoot, Nick Paul, Colton Sissons, Brendan Gallagher, Ryan Hartman, Casey Cizikas |
| Custom OT Lines Defensemen |
|---|
|
Ian Cole, Dougie Hamilton, Mikey Anderson, Ryan Lindgren, Jeff Petry |
| Scratches |
|---|
|
Haydn Fleury (Healthy), Philipp Kurashev (Healthy), Rodrigo Abols (Healthy) |
Nordiques
| 5 vs 5 Forward |
|---|
| Line # | Left Wing | Center | Right Wing | PHY | DF | OF | Wanted % | Time % | Time Play |
| 1 | Lucas Raymond | Sebastian Aho | Tyson Foerster | 1 | 1 | 3 | 30 | 31% | 16:44
|
| 2 | Pius Suter | Marco Rossi | Chris Kreider | 1 | 1 | 3 | 25 | 25% | 13:21
|
| 3 | Alex Newhook | Alexander Wennberg | Kirby Dach | 1 | 1 | 3 | 25 | 24% | 12:51
|
| 4 | Cole Smith | Peyton Krebs | Vasily Podkolzin | 1 | 1 | 3 | 20 | 21% | 11:07
|
| 5 vs 5 Defense |
|---|
| Line # | Defense | Defense | | PHY | DF | OF | Wanted % | Time % | Time Play |
| 1 | Shayne Gostisbehere | Travis Sanheim | | 1 | 1 | 3 | 34 | 36% | 19:14
|
| 2 | Martin Fehervary | Brent Burns | | 1 | 1 | 3 | 33 | 32% | 17:31
|
| 3 | Philippe Myers | Mattias Ekholm | | 1 | 1 | 3 | 33 | 32% | 17:18
|
| 4 | Shayne Gostisbehere | Travis Sanheim | | 1 | 1 | 3 | 0 | 0% | 0:00
|
| Power Play Forward |
|---|
| Line # | Left Wing | Center | Right Wing | PHY | DF | OF | Wanted % | Time % | Time Play |
| 1 | Lucas Raymond | Sebastian Aho | Tyson Foerster | 1 | 1 | 3 | 50 | 55% | 1:06
|
| 2 | Pius Suter | Marco Rossi | Chris Kreider | 1 | 1 | 3 | 50 | 45% | 0:53
|
| Power Play Defense |
|---|
| Line # | Defense | Defense | | PHY | DF | OF | Wanted % | Time % | Time Play |
| 1 | Shayne Gostisbehere | Brent Burns | | 1 | 1 | 3 | 50 | 64% | 1:16
|
| 2 | Martin Fehervary | Travis Sanheim | | 1 | 1 | 3 | 50 | 36% | 0:43
|
| Penalty Kill 4 Players Forward |
|---|
| Line # | Center | Wing | PHY | DF | OF | Wanted % | Time % | Time Play |
| 1 | Alexander Wennberg | Pius Suter | 1 | 3 | 1 | 50 | 52% | 2:03
|
| 2 | Sebastian Aho | Chris Kreider | 1 | 3 | 1 | 50 | 48% | 1:55
|
| Penalty Kill 4 Players Defense |
|---|
| Line # | Defense | Defense | PHY | DF | OF | Wanted % | Time % | Time Play |
| 1 | Martin Fehervary | Travis Sanheim | 1 | 3 | 1 | 50 | 49% | 1:56
|
| 2 | Brent Burns | Mattias Ekholm | 1 | 3 | 1 | 50 | 51% | 2:02
|
| Penalty Kill 3 Players |
|---|
| Line # | Wing | PHY | DF | OF | Wanted % | Time % | Time Play | Defense | Defense | PHY | DF | OF | Wanted % | Time % | Time Play |
| 1 | Alexander Wennberg | 1 | 3 | 1 | 50 | 0% | 0:00
| Martin Fehervary | Travis Sanheim | 1 | 3 | 1 | 50 | 0% | 0:00
|
| 2 | Sebastian Aho | 1 | 3 | 1 | 50 | 0% | 0:00
| Brent Burns | Mattias Ekholm | 1 | 3 | 1 | 50 | 0% | 0:00
|
| 4 vs 4 Forward |
|---|
| Line # | Center | Wing | PHY | DF | OF | Wanted % | Time % | Time Play |
| 1 | Sebastian Aho | Lucas Raymond | 1 | 1 | 3 | 50 | 0% | 0:00
|
| 2 | Marco Rossi | Chris Kreider | 1 | 1 | 3 | 50 | 0% | 0:00
|
| 4 vs 4 Defense |
|---|
| Line # | Defense | | PHY | DF | OF | Wanted % | Time % | Time Play |
| 1 | Shayne Gostisbehere | Travis Sanheim | 1 | 1 | 3 | 50 | 0% | 0:00
|
| 2 | Martin Fehervary | Brent Burns | 1 | 1 | 3 | 50 | 0% | 0:00
|
| Last Minutes Offensive |
|---|
| Left Wing | Center | Right Wing | Defense | Defense |
| Lucas Raymond | Sebastian Aho | Chris Kreider | Shayne Gostisbehere | Travis Sanheim |
| Last Minutes Defensive |
|---|
| Left Wing | Center | Right Wing | Defense | Defense |
| Pius Suter | Alexander Wennberg | Chris Kreider | Martin Fehervary | Travis Sanheim |
| Time |
|---|
| Total Forward | Total Defense | Last Minutes Offensive | Last Minutes Defensive |
| 60:00 |
60:00 |
0:00 | 0:00 |
| Extra Forwards |
|---|
| Normal | PowerPlay | Penalty Kill |
|
Sebastian Aho, Lucas Raymond, Chris Kreider | Alexander Wennberg, Kirby Dach | Peyton Krebs |
| Extra Defensemen |
|---|
| Normal | PowerPlay | Penalty Kill |
|
Travis Sanheim, Martin Fehervary, Brent Burns | Martin Fehervary, Shayne Gostisbehere | Philippe Myers |
| Penalty Shots |
|---|
|
Alexander Wennberg, Kirby Dach, Brent Burns, Chris Kreider, Pius Suter |
| Goalie |
|---|
| Semyon Varlamov, Dan Vladar |
| Custom OT Lines Forwards |
|---|
|
Sebastian Aho, Lucas Raymond, Marco Rossi, Chris Kreider, Alexander Wennberg, Pius Suter, Peyton Krebs, Tyson Foerster, Kirby Dach, Alex Newhook |
| Custom OT Lines Defensemen |
|---|
|
Shayne Gostisbehere, Travis Sanheim, Brent Burns, Mattias Ekholm, Martin Fehervary |
| Scratches |
|---|
|
Nils Hoglander (Healthy), Devin Cooley (Healthy) |
Play-by-Play
1st period
0:01 of 1st period - Sebastian Aho wins face-off versus Nick Paul in neutral zone.
0:10 of 1st period - Wrist shot by Sebastian Aho.
0:10 of 1st period - Stopped by Ilya Sorokin without a rebound.
0:11 of 1st period - Brock Nelson wins face-off versus Marco Rossi in Senateurs zone.
1:07 of 1st period - Artem Zub is hit by Vasily Podkolzin and loses puck.
2:05 of 1st period - Off-side.
2:06 of 1st period - Casey Cizikas wins face-off versus Marco Rossi in neutral zone.
2:17 of 1st period - Snap shot by Eric Robinson.
2:17 of 1st period - Stopped by Semyon Varlamov with a rebound.
2:31 of 1st period - Snap shot by Marco Rossi.
2:31 of 1st period - Shot Blocked by Ian Cole.
2:51 of 1st period - Wrist shot by Marco Rossi.
2:51 of 1st period - Deflect By Ian Cole.
2:51 of 1st period - Shot Misses the Net.
2:51 of 1st period - Puck is out of play.
2:52 of 1st period - Colton Sissons wins face-off versus Lucas Raymond in Senateurs zone.
3:45 of 1st period - Snap shot by Alex Newhook.
3:45 of 1st period - Stopped by Ilya Sorokin without a rebound.
3:46 of 1st period - Colton Sissons wins face-off versus Sebastian Aho in Senateurs zone.
3:51 of 1st period - Snap shot by Alexander Kerfoot.
3:51 of 1st period - Stopped by Semyon Varlamov with a rebound.
4:34 of 1st period - Wrist shot by Brad Marchand.
4:34 of 1st period - Stopped by Semyon Varlamov with a rebound.
4:36 of 1st period - Snap shot by Ian Cole.
4:36 of 1st period - Shot Blocked by Cole Smith.
4:38 of 1st period - Slapshot by Ian Cole.
4:38 of 1st period - Deflect By Nick Paul.
4:38 of 1st period - Stopped by Semyon Varlamov without a rebound.
4:39 of 1st period - Casey Cizikas wins face-off versus Tyson Foerster in Nordiques zone.
4:46 of 1st period - Snap shot by Casey Cizikas.
4:46 of 1st period - Stopped by Semyon Varlamov with a rebound.
5:38 of 1st period - Snap shot by Steven Stamkos.
5:38 of 1st period - Stopped by Semyon Varlamov with a rebound.
6:00 of 1st period - Wrist shot by Marco Rossi.
6:00 of 1st period - Stopped by Ilya Sorokin without a rebound.
6:01 of 1st period - Colton Sissons wins face-off versus Sebastian Aho in Senateurs zone.
6:01 of 1st period - Colton Sissons is hit by Tyson Foerster.
6:40 of 1st period - Wrist shot by Jared McCann.
6:40 of 1st period - Stopped by Semyon Varlamov with a rebound.
6:54 of 1st period - Mikey Anderson is hit by Kirby Dach.
7:10 of 1st period - Wrist shot by Peyton Krebs.
7:10 of 1st period - Stopped by Ilya Sorokin without a rebound.
7:11 of 1st period - Peyton Krebs wins face-off versus Casey Cizikas in Senateurs zone.
7:12 of 1st period - Snap shot by Vasily Podkolzin.
7:12 of 1st period - Shot Misses the Net.
8:23 of 1st period - Wrist shot by Tanner Pearson.
8:23 of 1st period - Goal by Tanner Pearson - Senateurs : 1 - Nordiques : 0.
8:24 of 1st period - Nick Paul wins face-off versus Marco Rossi in neutral zone.
9:01 of 1st period - Snap shot by Jared McCann.
9:01 of 1st period - Stopped by Semyon Varlamov with a rebound.
9:03 of 1st period - Slapshot by Ryan Lindgren.
9:03 of 1st period - Stopped by Semyon Varlamov with a rebound.
9:37 of 1st period - Wrist shot by Brad Marchand.
9:37 of 1st period - Goal by Brad Marchand - Senateurs : 2 - Nordiques : 0.
9:38 of 1st period - Brock Nelson wins face-off versus Marco Rossi in neutral zone.
9:41 of 1st period - Snap shot by Brock Nelson.
9:41 of 1st period - Shot Blocked by Martin Fehervary.
10:00 of 1st period - Minor Penalty to Brendan Gallagher for Hooking.
10:01 of 1st period - Sebastian Aho wins face-off versus Colton Sissons in Senateurs zone.
10:52 of 1st period - Snap shot by Marco Rossi.
10:52 of 1st period - Shot Hit the Post.
10:54 of 1st period - Slapshot by Shayne Gostisbehere.
10:54 of 1st period - Shot Blocked by Jared McCann.
11:29 of 1st period - Icing by Martin Fehervary.
11:30 of 1st period - Brad Marchand wins face-off versus Marco Rossi in Nordiques zone.
12:00 of 1st period - Penalty to Brendan Gallagher is over, Brendan Gallagher is back on ice.
12:52 of 1st period - Wrist shot by Jared McCann.
12:52 of 1st period - Shot Blocked by Philippe Myers.
12:54 of 1st period - Snap shot by Jared McCann.
12:54 of 1st period - Deflect By Brendan Gallagher.
12:54 of 1st period - Stopped by Semyon Varlamov with a rebound.
12:56 of 1st period - Slapshot by Brock Nelson.
12:56 of 1st period - Stopped by Semyon Varlamov with a rebound.
12:58 of 1st period - Slapshot by Jeff Petry.
12:58 of 1st period - Deflect By Alexander Wennberg.
12:58 of 1st period - Stopped by Semyon Varlamov without a rebound.
12:59 of 1st period - Nick Paul wins face-off versus Lucas Raymond in Nordiques zone.
13:02 of 1st period - Wrist shot by Steven Stamkos.
13:02 of 1st period - Stopped by Semyon Varlamov with a rebound.
13:04 of 1st period - Slapshot by Brad Marchand.
13:04 of 1st period - Goal by Brad Marchand - Senateurs : 3 - Nordiques : 0.
13:05 of 1st period - Nick Paul wins face-off versus Sebastian Aho in neutral zone.
13:20 of 1st period - Snap shot by Brad Marchand.
13:20 of 1st period - Shot Blocked by Martin Fehervary.
13:39 of 1st period - Snap shot by Marco Rossi.
13:39 of 1st period - Stopped by Ilya Sorokin with a rebound.
13:41 of 1st period - Wrist shot by Pius Suter.
13:41 of 1st period - Shot Blocked by Colton Sissons.
14:01 of 1st period - Shayne Gostisbehere is hit by Ian Cole and loses puck.
14:16 of 1st period - Mattias Ekholm is hit by Steven Stamkos.
14:45 of 1st period - Lucas Raymond is hit by Ian Cole and loses puck.
14:57 of 1st period - Off-side.
14:58 of 1st period - Colton Sissons wins face-off versus Marco Rossi in neutral zone.
15:41 of 1st period - Snap shot by Chris Kreider.
15:41 of 1st period - Shot Misses the Net.
15:43 of 1st period - Slapshot by Martin Fehervary.
15:43 of 1st period - Stopped by Ilya Sorokin without a rebound.
15:44 of 1st period - Sebastian Aho wins face-off versus Nick Paul in Senateurs zone.
15:49 of 1st period - Snap shot by Sebastian Aho.
15:49 of 1st period - Deflect By Tyson Foerster.
15:49 of 1st period - Goal by Tyson Foerster - Senateurs : 3 - Nordiques : 1.
15:50 of 1st period - Sebastian Aho wins face-off versus Nick Paul in neutral zone.
16:40 of 1st period - Wrist shot by Chris Kreider.
16:40 of 1st period - Stopped by Ilya Sorokin without a rebound.
16:41 of 1st period - Colton Sissons wins face-off versus Marco Rossi in Senateurs zone.
17:23 of 1st period - Icing by Philippe Myers.
17:24 of 1st period - Brock Nelson wins face-off versus Sebastian Aho in Nordiques zone.
17:27 of 1st period - Wrist shot by Jared McCann.
17:27 of 1st period - Stopped by Semyon Varlamov without a rebound.
17:28 of 1st period - Alexander Wennberg wins face-off versus Brock Nelson in Nordiques zone.
17:28 of 1st period - Alexander Wennberg is hit by Brock Nelson.
18:24 of 1st period - Wrist shot by Alexander Kerfoot.
18:24 of 1st period - Stopped by Semyon Varlamov without a rebound.
18:25 of 1st period - Brock Nelson wins face-off versus Alexander Wennberg in Nordiques zone.
18:41 of 1st period - Snap shot by Brock Nelson.
18:41 of 1st period - Stopped by Semyon Varlamov without a rebound.
18:42 of 1st period - Sebastian Aho wins face-off versus Nick Paul in Nordiques zone.
18:51 of 1st period - Slapshot by Sebastian Aho.
18:51 of 1st period - Shot Blocked by Artem Zub.
19:05 of 1st period - Travis Sanheim is hit by Nick Paul and loses puck.
19:16 of 1st period - Wrist shot by Sebastian Aho.
19:16 of 1st period - Shot Blocked by Artem Zub.
19:18 of 1st period - Wrist shot by Sebastian Aho.
19:18 of 1st period - Shot Blocked by Brad Marchand.
19:20 of 1st period - Slapshot by Travis Sanheim.
19:20 of 1st period - Stopped by Ilya Sorokin with a rebound.
19:22 of 1st period - Wrist shot by Tyson Foerster.
19:22 of 1st period - Stopped by Ilya Sorokin without a rebound.
19:23 of 1st period - Alexander Wennberg wins face-off versus Brock Nelson in Senateurs zone.
19:26 of 1st period - Snap shot by Alexander Wennberg.
19:26 of 1st period - Deflect By Alex Newhook.
19:26 of 1st period - Shot Blocked by Brock Nelson.
19:26 of 1st period - Puck is out of play.
19:27 of 1st period - Alexander Wennberg wins face-off versus Brendan Gallagher in Senateurs zone.
19:40 of 1st period - Alexander Wennberg is hit by Jeff Petry and loses puck.
19:56 of 1st period - Jeff Petry is hit by Philippe Myers and loses puck.
Goals for this period are 3 for Senateurs vs 1 for Nordiques.
Shots for this period are 19 for Senateurs vs 10 for Nordiques.
2nd period
0:01 of 2nd period - Brock Nelson wins face-off versus Marco Rossi in neutral zone.
0:06 of 2nd period - Wrist shot by Brock Nelson.
0:06 of 2nd period - Stopped by Semyon Varlamov without a rebound.
0:07 of 2nd period - Brock Nelson wins face-off versus Marco Rossi in Nordiques zone.
0:15 of 2nd period - Off-side.
0:16 of 2nd period - Peyton Krebs wins face-off versus Nick Paul in neutral zone.
0:21 of 2nd period - Slapshot by Martin Fehervary.
0:21 of 2nd period - Shot Blocked by Dougie Hamilton.
0:31 of 2nd period - Snap shot by Cole Smith.
0:31 of 2nd period - Shot Misses the Net.
0:50 of 2nd period - Wrist shot by Alexander Wennberg.
0:50 of 2nd period - Shot Misses the Net.
0:54 of 2nd period - Snap shot by Alex Newhook.
0:54 of 2nd period - Stopped by Ilya Sorokin without a rebound.
0:55 of 2nd period - Brock Nelson wins face-off versus Lucas Raymond in Senateurs zone.
1:12 of 2nd period - Wrist shot by Sebastian Aho.
1:12 of 2nd period - Stopped by Ilya Sorokin with a rebound.
1:22 of 2nd period - Marco Rossi is hit by Eric Robinson and loses puck.
2:27 of 2nd period - Snap shot by Brock Nelson.
2:27 of 2nd period - Stopped by Semyon Varlamov without a rebound.
2:28 of 2nd period - Sebastian Aho wins face-off versus Brock Nelson in Nordiques zone.
2:33 of 2nd period - Snap shot by Tyson Foerster.
2:33 of 2nd period - Stopped by Ilya Sorokin with a rebound.
2:35 of 2nd period - Snap shot by Lucas Raymond.
2:35 of 2nd period - Stopped by Ilya Sorokin without a rebound.
2:36 of 2nd period - Brock Nelson wins face-off versus Sebastian Aho in Senateurs zone.
3:05 of 2nd period - Snap shot by Chris Kreider.
3:05 of 2nd period - Stopped by Ilya Sorokin without a rebound.
3:06 of 2nd period - Nick Paul wins face-off versus Marco Rossi in Senateurs zone.
3:11 of 2nd period - Wrist shot by Brad Marchand.
3:11 of 2nd period - Stopped by Semyon Varlamov with a rebound.
3:31 of 2nd period - Artem Zub is hit by Kirby Dach and loses puck.
3:40 of 2nd period - Snap shot by Tanner Pearson.
3:40 of 2nd period - Deflect By Eric Robinson.
3:40 of 2nd period - Shot Misses the Net.
3:40 of 2nd period - Puck is out of play.
3:41 of 2nd period - Colton Sissons wins face-off versus Peyton Krebs in Nordiques zone.
3:50 of 2nd period - Wrist shot by Alexander Kerfoot.
3:50 of 2nd period - Stopped by Semyon Varlamov with a rebound.
3:52 of 2nd period - Slapshot by Ian Cole.
3:52 of 2nd period - Stopped by Semyon Varlamov with a rebound.
3:54 of 2nd period - Slapshot by Ryan Hartman.
3:54 of 2nd period - Shot Misses the Net.
3:56 of 2nd period - Slapshot by Dougie Hamilton.
3:56 of 2nd period - Stopped by Semyon Varlamov without a rebound.
3:57 of 2nd period - Sebastian Aho wins face-off versus Brock Nelson in Nordiques zone.
3:57 of 2nd period - Sebastian Aho is hit by Brendan Gallagher.
4:03 of 2nd period - Jared McCann is hit by Philippe Myers and loses puck.
4:26 of 2nd period - Wrist shot by Brad Marchand.
4:26 of 2nd period - Stopped by Semyon Varlamov without a rebound.
4:27 of 2nd period - Alexander Wennberg wins face-off versus Nick Paul in Nordiques zone.
5:46 of 2nd period - Wrist shot by Brad Marchand.
5:46 of 2nd period - Shot Blocked by Pius Suter.
5:48 of 2nd period - Wrist shot by Nick Paul.
5:48 of 2nd period - Deflect By Brad Marchand.
5:48 of 2nd period - Shot Misses the Net.
5:48 of 2nd period - Puck is out of play.
5:49 of 2nd period - Colton Sissons wins face-off versus Marco Rossi in Nordiques zone.
5:54 of 2nd period - Snap shot by Ryan Hartman.
5:54 of 2nd period - Shot Blocked by Pius Suter.
5:56 of 2nd period - Slapshot by Ryan Lindgren.
5:56 of 2nd period - Deflect By Ryan Hartman.
5:56 of 2nd period - Shot Blocked by Chris Kreider.
5:56 of 2nd period - Puck is out of play.
5:57 of 2nd period - Colton Sissons wins face-off versus Marco Rossi in Nordiques zone.
6:22 of 2nd period - Wrist shot by Jared McCann.
6:22 of 2nd period - Shot Misses the Net.
6:24 of 2nd period - Slapshot by Ryan Lindgren.
6:24 of 2nd period - Stopped by Semyon Varlamov with a rebound.
6:26 of 2nd period - Slapshot by Ryan Lindgren.
6:26 of 2nd period - Stopped by Semyon Varlamov without a rebound.
6:27 of 2nd period - Alexander Wennberg wins face-off versus Casey Cizikas in Nordiques zone.
6:27 of 2nd period - Alexander Wennberg is hit by Casey Cizikas.
7:26 of 2nd period - Slapshot by Alex Newhook.
7:26 of 2nd period - Stopped by Ilya Sorokin with a rebound.
7:28 of 2nd period - Wrist shot by Alex Newhook.
7:28 of 2nd period - Shot Blocked by Mikey Anderson.
7:30 of 2nd period - Wrist shot by Alex Newhook.
7:30 of 2nd period - Shot Misses the Net.
8:46 of 2nd period - Wrist shot by Alexander Wennberg.
8:46 of 2nd period - Deflect By Kirby Dach.
8:46 of 2nd period - Stopped by Ilya Sorokin without a rebound.
8:47 of 2nd period - Sebastian Aho wins face-off versus Colton Sissons in Senateurs zone.
8:56 of 2nd period - Snap shot by Sebastian Aho.
8:56 of 2nd period - Shot Misses the Net.
8:58 of 2nd period - Slapshot by Mattias Ekholm.
8:58 of 2nd period - Stopped by Ilya Sorokin with a rebound.
9:00 of 2nd period - Slapshot by Sebastian Aho.
9:00 of 2nd period - Stopped by Ilya Sorokin with a rebound.
9:02 of 2nd period - Slapshot by Mattias Ekholm.
9:02 of 2nd period - Shot Misses the Net.
9:04 of 2nd period - Snap shot by Lucas Raymond.
9:04 of 2nd period - Stopped by Ilya Sorokin without a rebound.
9:05 of 2nd period - Casey Cizikas wins face-off versus Marco Rossi in Senateurs zone.
9:05 of 2nd period - Casey Cizikas is hit by Chris Kreider.
9:13 of 2nd period - Snap shot by Tanner Pearson.
9:13 of 2nd period - Deflect By Casey Cizikas.
9:13 of 2nd period - Shot Misses the Net.
9:13 of 2nd period - Puck is out of play.
9:14 of 2nd period - Pius Suter wins face-off versus Casey Cizikas in Nordiques zone.
9:47 of 2nd period - Travis Sanheim is hit by Tanner Pearson and loses puck.
10:43 of 2nd period - Snap shot by Pius Suter.
10:43 of 2nd period - Stopped by Ilya Sorokin without a rebound.
10:44 of 2nd period - Sebastian Aho wins face-off versus Nick Paul in Senateurs zone.
11:10 of 2nd period - Ryan Lindgren is hit by Vasily Podkolzin and loses puck.
11:20 of 2nd period - Minor Penalty to Cole Smith for Boarding.
11:21 of 2nd period - Alexander Wennberg wins face-off versus Steven Stamkos in Nordiques zone.
11:31 of 2nd period - Mattias Ekholm is hit by Artem Zub and loses puck.
11:48 of 2nd period - Mattias Ekholm is hit by Brendan Gallagher.
12:16 of 2nd period - Sebastian Aho is hit by Ryan Lindgren and loses puck.
12:52 of 2nd period - Icing by Jared McCann.
12:53 of 2nd period - Steven Stamkos wins face-off versus Alexander Wennberg in Senateurs zone.
13:20 of 2nd period - Penalty to Cole Smith is over, Cole Smith is back on ice.
13:35 of 2nd period - Backhand shot by Martin Fehervary.
13:35 of 2nd period - Stopped by Ilya Sorokin with a rebound.
13:37 of 2nd period - Slapshot by Travis Sanheim.
13:37 of 2nd period - Shot Blocked by Dougie Hamilton.
15:00 of 2nd period - Wrist shot by Brad Marchand.
15:00 of 2nd period - Shot Misses the Net.
15:02 of 2nd period - Slapshot by Brad Marchand.
15:02 of 2nd period - Shot Blocked by Alexander Wennberg.
15:04 of 2nd period - Slapshot by Mikey Anderson.
15:04 of 2nd period - Shot Blocked by Alexander Wennberg.
15:06 of 2nd period - Wrist shot by Steven Stamkos.
15:06 of 2nd period - Stopped by Semyon Varlamov without a rebound.
15:07 of 2nd period - Colton Sissons wins face-off versus Peyton Krebs in Nordiques zone.
15:37 of 2nd period - Steven Stamkos is hit by Martin Fehervary and loses puck.
16:13 of 2nd period - Travis Sanheim is hit by Artem Zub and loses puck.
16:36 of 2nd period - Wrist shot by Brad Marchand.
16:36 of 2nd period - Shot Blocked by Travis Sanheim.
16:44 of 2nd period - Snap shot by Chris Kreider.
16:44 of 2nd period - Deflect By Pius Suter.
16:44 of 2nd period - Shot Blocked by Brad Marchand.
16:44 of 2nd period - Puck is out of play.
16:45 of 2nd period - Brock Nelson wins face-off versus Sebastian Aho in Senateurs zone.
16:52 of 2nd period - Snap shot by Jared McCann.
16:52 of 2nd period - Shot Blocked by Philippe Myers.
17:38 of 2nd period - Cole Smith is hit by Ian Cole.
17:42 of 2nd period - Slapshot by Martin Fehervary.
17:42 of 2nd period - Shot Misses the Net.
17:44 of 2nd period - Backhand shot by Martin Fehervary.
17:44 of 2nd period - Shot Blocked by Ryan Hartman.
17:46 of 2nd period - Wrist shot by Brent Burns.
17:46 of 2nd period - Stopped by Ilya Sorokin without a rebound.
17:47 of 2nd period - Colton Sissons wins face-off versus Sebastian Aho in Senateurs zone.
17:52 of 2nd period - Wrist shot by Lucas Raymond.
17:52 of 2nd period - Stopped by Ilya Sorokin without a rebound.
17:53 of 2nd period - Sebastian Aho wins face-off versus Colton Sissons in Senateurs zone.
18:37 of 2nd period - Snap shot by Colton Sissons.
18:37 of 2nd period - Shot Misses the Net.
18:39 of 2nd period - Wrist shot by Alexander Kerfoot.
18:39 of 2nd period - Stopped by Semyon Varlamov without a rebound.
18:40 of 2nd period - Sebastian Aho wins face-off versus Nick Paul in Nordiques zone.
19:50 of 2nd period - Snap shot by Kirby Dach.
19:50 of 2nd period - Stopped by Ilya Sorokin with a rebound.
Goals for this period are 0 for Senateurs vs 0 for Nordiques.
Shots for this period are 11 for Senateurs vs 15 for Nordiques.
3rd period
0:01 of 3rd period - Sebastian Aho wins face-off versus Nick Paul in neutral zone.
0:27 of 3rd period - Peyton Krebs is hit by Colton Sissons and loses puck.
0:34 of 3rd period - Snap shot by Ryan Hartman.
0:34 of 3rd period - Stopped by Semyon Varlamov without a rebound.
0:35 of 3rd period - Steven Stamkos wins face-off versus Marco Rossi in Nordiques zone.
0:40 of 3rd period - Slapshot by Brad Marchand.
0:40 of 3rd period - Goal by Brad Marchand - Senateurs : 4 - Nordiques : 1.
0:41 of 3rd period - Nick Paul wins face-off versus Sebastian Aho in neutral zone.
0:44 of 3rd period - Lucas Raymond is hit by Brad Marchand and loses puck.
1:14 of 3rd period - Snap shot by Alexander Kerfoot.
1:14 of 3rd period - Stopped by Semyon Varlamov with a rebound.
1:16 of 3rd period - Slapshot by Mikey Anderson.
1:16 of 3rd period - Shot Misses the Net.
1:18 of 3rd period - Wrist shot by Alexander Kerfoot.
1:18 of 3rd period - Stopped by Semyon Varlamov without a rebound.
1:19 of 3rd period - Peyton Krebs wins face-off versus Brock Nelson in Nordiques zone.
1:30 of 3rd period - Snap shot by Jared McCann.
1:30 of 3rd period - Stopped by Semyon Varlamov with a rebound.
1:55 of 3rd period - Snap shot by Pius Suter.
1:55 of 3rd period - Stopped by Ilya Sorokin without a rebound.
1:56 of 3rd period - Nick Paul wins face-off versus Tyson Foerster in Senateurs zone.
2:34 of 3rd period - Cole Smith is hit by Jared McCann and loses puck.
3:53 of 3rd period - Wrist shot by Steven Stamkos.
3:53 of 3rd period - Shot Misses the Net.
4:07 of 3rd period - Wrist shot by Brock Nelson.
4:07 of 3rd period - Stopped by Semyon Varlamov without a rebound.
4:08 of 3rd period - Alexander Wennberg wins face-off versus Brock Nelson in Nordiques zone.
4:40 of 3rd period - Snap shot by Alexander Wennberg.
4:40 of 3rd period - Shot Blocked by Mikey Anderson.
4:42 of 3rd period - Wrist shot by Kirby Dach.
4:42 of 3rd period - Deflect By Alex Newhook.
4:42 of 3rd period - Stopped by Ilya Sorokin with a rebound.
4:44 of 3rd period - Snap shot by Alexander Wennberg.
4:44 of 3rd period - Shot Misses the Net.
4:46 of 3rd period - Slapshot by Martin Fehervary.
4:46 of 3rd period - Stopped by Ilya Sorokin with a rebound.
4:48 of 3rd period - Slapshot by Martin Fehervary.
4:48 of 3rd period - Stopped by Ilya Sorokin without a rebound.
4:49 of 3rd period - Nick Paul wins face-off versus Sebastian Aho in Senateurs zone.
5:15 of 3rd period - Chris Kreider is hit by Casey Cizikas.
5:23 of 3rd period - Snap shot by Tanner Pearson.
5:23 of 3rd period - Deflect By Chris Kreider.
5:23 of 3rd period - Shot Blocked by Pius Suter.
5:23 of 3rd period - Puck is out of play.
5:24 of 3rd period - Colton Sissons wins face-off versus Sebastian Aho in Nordiques zone.
5:39 of 3rd period - Slapshot by Ryan Hartman.
5:39 of 3rd period - Deflect By Colton Sissons.
5:39 of 3rd period - Stopped by Semyon Varlamov without a rebound.
5:40 of 3rd period - Nick Paul wins face-off versus Peyton Krebs in Nordiques zone.
6:05 of 3rd period - Martin Fehervary is hit by Casey Cizikas and loses puck.
6:46 of 3rd period - Ryan Lindgren is hit by Alex Newhook and loses puck.
6:53 of 3rd period - Slapshot by Kirby Dach.
6:53 of 3rd period - Shot Misses the Net.
6:55 of 3rd period - Snap shot by Shayne Gostisbehere.
6:55 of 3rd period - Deflect By Alexander Wennberg.
6:55 of 3rd period - Stopped by Ilya Sorokin without a rebound.
6:56 of 3rd period - Nick Paul wins face-off versus Sebastian Aho in Senateurs zone.
7:43 of 3rd period - Wrist shot by Dougie Hamilton.
7:43 of 3rd period - Deflect By Chris Kreider.
7:43 of 3rd period - Stopped by Semyon Varlamov with a rebound.
8:32 of 3rd period - Snap shot by Steven Stamkos.
8:32 of 3rd period - Shot Misses the Net.
8:44 of 3rd period - Slapshot by Peyton Krebs.
8:44 of 3rd period - Shot Misses the Net.
9:28 of 3rd period - Snap shot by Alexander Kerfoot.
9:28 of 3rd period - Shot Misses the Net.
9:30 of 3rd period - Snap shot by Alexander Kerfoot.
9:30 of 3rd period - Stopped by Semyon Varlamov with a rebound.
9:32 of 3rd period - Snap shot by Artem Zub.
9:32 of 3rd period - Stopped by Semyon Varlamov with a rebound.
10:13 of 3rd period - Jared McCann is hit by Alexander Wennberg and loses puck.
10:33 of 3rd period - Snap shot by Tanner Pearson.
10:33 of 3rd period - Shot Misses the Net.
10:35 of 3rd period - Slapshot by Eric Robinson.
10:35 of 3rd period - Stopped by Semyon Varlamov with a rebound.
10:37 of 3rd period - Snap shot by Casey Cizikas.
10:37 of 3rd period - Deflect By Eric Robinson.
10:37 of 3rd period - Deflect By Peyton Krebs.
10:37 of 3rd period - Stopped by Semyon Varlamov with a rebound.
10:53 of 3rd period - Snap shot by Lucas Raymond.
10:53 of 3rd period - Stopped by Ilya Sorokin without a rebound.
10:54 of 3rd period - Nick Paul wins face-off versus Sebastian Aho in Senateurs zone.
11:03 of 3rd period - Snap shot by Sebastian Aho.
11:03 of 3rd period - Stopped by Ilya Sorokin without a rebound.
11:04 of 3rd period - Sebastian Aho wins face-off versus Nick Paul in Senateurs zone.
11:31 of 3rd period - Wrist shot by Marco Rossi.
11:31 of 3rd period - Stopped by Ilya Sorokin with a rebound.
11:33 of 3rd period - Slapshot by Travis Sanheim.
11:33 of 3rd period - Shot Blocked by Jeff Petry.
11:52 of 3rd period - Minor Penalty to Marco Rossi for Holding.
11:53 of 3rd period - Alexander Wennberg wins face-off versus Nick Paul in Nordiques zone.
12:28 of 3rd period - Wrist shot by Brent Burns.
12:28 of 3rd period - Deflect By Alexander Wennberg.
12:28 of 3rd period - Stopped by Ilya Sorokin without a rebound.
12:29 of 3rd period - Alexander Wennberg wins face-off versus Brendan Gallagher in Senateurs zone.
13:06 of 3rd period - Wrist shot by Sebastian Aho.
13:06 of 3rd period - Stopped by Ilya Sorokin with a rebound.
13:52 of 3rd period - Penalty to Marco Rossi is over, Marco Rossi is back on ice.
14:14 of 3rd period - Slapshot by Dougie Hamilton.
14:14 of 3rd period - Shot Misses the Net.
15:06 of 3rd period - Slapshot by Travis Sanheim.
15:06 of 3rd period - Shot Misses the Net.
15:36 of 3rd period - Ryan Lindgren is hit by Travis Sanheim and loses puck.
16:01 of 3rd period - Cole Smith is hit by Brock Nelson and loses puck.
16:17 of 3rd period - Peyton Krebs is hit by Nick Paul and loses puck.
16:47 of 3rd period - Brock Nelson is hit by Alex Newhook and loses puck.
16:58 of 3rd period - Wrist shot by Kirby Dach.
16:58 of 3rd period - Stopped by Ilya Sorokin with a rebound.
17:12 of 3rd period - Snap shot by Brock Nelson.
17:12 of 3rd period - Stopped by Semyon Varlamov without a rebound.
17:13 of 3rd period - Sebastian Aho wins face-off versus Colton Sissons in Nordiques zone.
17:24 of 3rd period - Wrist shot by Lucas Raymond.
17:24 of 3rd period - Stopped by Ilya Sorokin without a rebound.
17:25 of 3rd period - Nick Paul wins face-off versus Sebastian Aho in Senateurs zone.
17:52 of 3rd period - Martin Fehervary is hit by Jared McCann and loses puck.
18:42 of 3rd period - Peyton Krebs is hit by Ryan Hartman and loses puck.
18:52 of 3rd period - Off-side.
18:53 of 3rd period - Lucas Raymond wins face-off versus Nick Paul in neutral zone.
19:20 of 3rd period - Slapshot by Dougie Hamilton.
19:20 of 3rd period - Shot Blocked by Travis Sanheim.
19:22 of 3rd period - Wrist shot by Dougie Hamilton.
19:22 of 3rd period - Stopped by Semyon Varlamov with a rebound.
19:26 of 3rd period - Wrist shot by Tanner Pearson.
19:26 of 3rd period - Shot Blocked by Lucas Raymond.
19:28 of 3rd period - Wrist shot by Tanner Pearson.
19:28 of 3rd period - Stopped by Semyon Varlamov with a rebound.
Goals for this period are 1 for Senateurs vs 0 for Nordiques.
Shots for this period are 15 for Senateurs vs 12 for Nordiques.